 Dungeon Crawl Stone Soup version 0.31-a0-1172-g9944ec47dd (webtiles) character file.

Game seed: 13025861143631156639

767 mopl the Summoner (level 7, -7/37 HPs)
             Began as a Tengu Summoner on Dec 10, 2023.
             Was an Initiate of Sif Muna.
             Mangled by an iguana (9 damage)
             ... on level 5 of the Dungeon.
             The game lasted 00:06:33 (3444 turns).

mopl the Summoner (Tengu Summoner)                  Turns: 3444, Time: 00:06:34

Health: -7/37      AC:  2    Str:  8    XL:     7   Next: 82%
Magic:  13/16      EV: 15    Int: 17    God:    Sif Muna [......]
Gold:   5          SH:  4    Dex: 15    Spells: 4/17 levels left

rFire   + . .        b - +3 short sword
rCold   + . .        y - +0 buckler {rC+ rF+}
rNeg    . . .        g - +0 robe
rPois   .            (helmet restricted)
rElec   .            (no cloak)
rCorr   .            (no gloves)
SInv    .            (boots unavailable)
Will    .....        (no amulet)
Stlth   ++           (no ring)
HPRegen 0.26/turn    (no ring)
MPRegen 0.15/turn

%: acrobat
@: flying
A: beak, talons 3, evasive flight, acrobatic
a: Renounce Religion


You were on level 5 of the Dungeon.
You worshipped Sif Muna.
Sif Muna was noncommittal.
You visited 2 branches of the dungeon, and saw 6 of its levels.
You also visited: Sewer.

You collected 177 gold pieces.
You spent 172 gold pieces at shops.

Inventory:

Hand Weapons
 a - a +0 dagger of venom
 b - a +3 short sword (weapon)
Missiles
 c - 9 poisoned darts
 l - 6 boomerangs
 r - 2 curare-tipped darts
Armour
 g - a +0 robe (worn)
 y - a +0 buckler of resistance (worn)
Wands
 n - a wand of acid (3)
Scrolls
 d - a scroll of torment {unknown}
 f - 4 scrolls of identify {unknown}
 i - a scroll of acquirement {unknown}
 k - a scroll of noise {unknown}
 q - 2 scrolls of poison {unknown}
 s - 3 scrolls of fog {unknown}
 t - a scroll of teleportation {unknown}
 u - a scroll of summoning {unknown}
 x - a scroll of enchant armour {unknown}
Potions
 e - a potion of magic
 h - a potion of heal wounds
 j - 2 potions of mutation {unknown}
 m - a potion of degeneration {unknown}
 o - a potion of berserk rage {unknown}
 p - a potion of enlightenment {unknown}
 v - a potion of might {unknown}
 w - a potion of resistance {unknown}


   Skills:
 + Level 0.6 Fighting
 - Level 2.1 Dodging
 - Level 2.0 Stealth
 + Level 1.0 Shields
 * Level 5.5 Spellcasting
 * Level 8.3 Summonings
 + Level 1.6 Air Magic
 + Level 0.4 Invocations


You had 4 spell levels left.
You knew the following spells:

 Your Spells              Type           Power      Damage    Failure   Level
a - Summon Small Mammal   Summ           100%       N/A       1%          1
b - Call Imp              Summ           66%        N/A       1%          2
c - Call Canine Familiar  Summ           33%        N/A       1%          3
d - Summon Lightning Spi  Summ/Air       21%        N/A       28%         4
g - Summon Guardian Gole  Hex/Summ       18%        N/A       12%         3

Your spell library contained the following spells:

 Spells                   Type           Power      Damage    Failure   Level


Dungeon Overview and Level Annotations

Branches:
Dungeon (5/15)             Temple (1/1) D:4           Sewer (visited)

Altars:
Elyvilon
Fedhas
Gozag
Hepliaklqana
Nemelex Xobeh
Qazlal
Sif Muna
Trog
Uskayaw
Vehumet
Yredelemnul
The Shining One

Shops:
D:4 *


Innate Abilities, Weirdness & Mutations

You have a beak for a mouth.
You have claws for feet.
Your magical flight helps you evade attacks. (EV +4)
You can magically evade attacks while moving or waiting.


Message History

The hound completely misses you. The hound bites you.
Your cerulean imp hits the hound from afar with a -1 spear.
Unknown command.
You closely miss the hound. You claw the hound, but do no damage.
The hound is severely wounded.
Your wolf bites the hound!
The hound dies!
Sif Muna accepts your kill.
Unknown command.
Your wolf closely misses Ijyb.
Ijyb screams, "I dance on your bones!"
Your wolf bites Ijyb!
Your cerulean imp hits Ijyb with a -1 spear.
Your wolf closely misses Ijyb.
You closely miss Ijyb. Your kick misses Ijyb.
Ijyb is heavily wounded.
Your wolf barely misses Ijyb.
Your cerulean imp hits Ijyb with a -1 spear.
Ijyb zaps a wand.
Your mind is blasted!
Your wolf bites Ijyb.
Your cerulean imp hits Ijyb with a -1 spear.
Unknown command.
You catch the helpless Ijyb completely off-guard!
You hit Ijyb. You claw Ijyb.
You kill Ijyb!
Sif Muna accepts your kill.
Your wolf barely misses the iguana.
Your cerulean imp hits the iguana from afar with a -1 spear.
Your wolf bites the iguana but does no damage.
Your Shields skill increases to level 1!
You hit the iguana but do no damage. You claw the iguana, but do no damage.
You peck the iguana, but do no damage.
The iguana is lightly wounded.
Your wolf barely misses the iguana.
The iguana bites you!
* * * LOW HITPOINT WARNING * * *
Your cerulean imp hits the iguana but does no damage.
Your wolf bites the iguana.
You hit the iguana. You claw the iguana, but do no damage.
The iguana is moderately wounded.
Your wolf bites the iguana.
The iguana bites you!
You die...

.........##.. .
............
..## ...........
.....#..........
....#..........
##........>...
..#.....lh......
.......@<...).#
..##.#..5###.!#
#.....## ###....
#.... ##....
..... .......
..#.


You could see an iguana (ally target), a friendly wolf (summoned) and a friendly
cerulean imp (summoned).

Vanquished Creatures
  A black bear (D:4)
  A brain worm (Sewer)
  A jelly (D:4)
  Ijyb (D:5)
  Robin (D:4)
  A gnoll (D:3)
  14 adders
  2 worms (D:2)
  A dart slug (D:4)
  2 orcs
  3 bats
  14 endoplasms
  4 giant cockroaches
  5 hobgoblins
  4 quokkas
  8 ball pythons
  4 frilled lizards
  9 goblins
  7 kobolds
  A rat (D:2)
84 creatures vanquished.

Vanquished Creatures (collateral kills)
  An ogre (D:5)
  A brain worm (Sewer)
  A scorpion (D:4)
  A hound (D:5)
  3 adders
  3 gnolls (D:3)
  A river rat (D:4)
  3 worms
  A giant cockroach (D:4)
  4 goblins (D:4)
  A hobgoblin (D:4)
  A kobold (D:1)
  A rat (D:4)
22 creatures vanquished.

Grand Total: 106 creatures vanquished

Notes
Turn   | Place    | Note
-------+----------+-------------------------------------------
     0 | D:1      | mopl the Tengu Summoner began the quest for the Orb.
     0 | D:1      | Reached XP level 1. HP: 10/10 MP: 4/4
   114 | D:1      | Reached skill level 5 in Summonings
   119 | D:1      | Reached XP level 2. HP: 11/15 MP: 3/6
   143 | D:1      | Learned a level 2 spell: Call Imp
   202 | D:1      | You fall into a shaft and drop 1 floor!
   280 | D:1      | Reached XP level 3. HP: 19/19 MP: 7/7
   466 | D:1      | Found a faded altar of an unknown god.
   762 | D:2      | Reached skill level 3 in Spellcasting
   769 | D:2      | Reached XP level 4. HP: 16/24 MP: 9/9
   807 | D:2      | Learned a level 3 spell: Call Canine Familiar
  1140 | D:2      | Reached skill level 6 in Summonings
  1731 | D:3      | Reached XP level 5. HP: 28/28 MP: 4/11
  2370 | D:4      | Noticed a black bear
  2376 | D:4      | Reached skill level 4 in Spellcasting
  2379 | D:4      | Killed a black bear
  2380 | D:4      | Reached skill level 7 in Summonings
  2380 | D:4      | Reached XP level 6. HP: 14/32 MP: 6/13
  2392 | D:4      | Found a glowing drain.
  2451 | Sewer    | Entered a sewer
  2507 | Sewer    | Learned a level 3 spell: Summon Guardian Golem
  2604 | Sewer    | Gained mutation: Your magical flight helps you evade
                  | attacks. (EV +4) [Tengu growth]
  2604 | Sewer    | Reached XP level 7. HP: 33/36 MP: 13/15
  2747 | Sewer    | Reached skill level 5 in Spellcasting
  2755 | Sewer    | Reached skill level 8 in Summonings
  2852 | D:4      | Learned a level 4 spell: Summon Lightning Spire
  2889 | D:4      | Noticed Robin
  2893 | D:4      | Killed Robin
  3024 | D:4      | Found Xaebau's Assorted Antiques.
  3030 | D:4      | Bought a glowing buckler for 172 gold pieces
  3071 | D:4      | Reached skill level 1 in Air Magic
  3317 | D:4      | Found a staircase to the Ecumenical Temple.
  3324 | Temple   | Entered the Ecumenical Temple
  3330 | Temple   | Became a worshipper of Sif Muna the Loreminder
  3429 | D:5      | Entered Level 5 of the Dungeon
  3432 | D:5      | Noticed Ijyb
  3442 | D:5      | Killed Ijyb
  3443 | D:5      | Reached skill level 1 in Shields
  3443 | D:5      | HP: 1/37 [iguana (13)]
  3444 | D:5      | Mangled by an iguana

Illustrated notes

Levels and vault maps discovered:
D:1:      mrwooster_arrival_statue_2, layout_rooms,
          nicolae_ecumenical_lake_church
D:2:      layout_basic
D:3:      layout_loops_corners, kennysheep_generic_room_9
D:4:      layout_rooms, temple_green, serial_shops, shop, portal_sewer_entry_c,
          uniq_robin
D:5:      layout_cave_pools, nicolae_ru_the_path_less_chosen, uniq_ijyb,
          uniq_duvessa
Temple:   chequers_temple_sunken

Skill      XL: |  1  2  3  4  5  6  7 |
---------------+----------------------+-----
Summonings     | 5 6 7 8 |  8.3
Spellcasting   | 3 4 5 |  5.5
Air Magic      | 1 |  1.6
Shields        | 1 |  1.0
Fighting       | |  0.6
Dodging        | |  2.1
Stealth        | |  2.0
Invocations    | |  0.4

Action                     |  1- 3 |  4- 6 |  7- 9 || total
---------------------------+-------+-------+-------++-------
  Melee: Unarmed           |    24 |       |       ||    24
         Peck              |    15 |    15 |    15 ||    45
         Kick              |    15 |    28 |    30 ||    73
         Short sword       |    37 |    95 |    72 ||   204
         Punch             |     1 |     3 |       ||     4
         Dagger            |     5 |       |       ||     5
  Throw: Dart              |     3 |       |       ||     3
   Cast: Summon Small Mamm |     4 |     1 |       ||     5
         Call Imp          |     2 |     5 |     1 ||     8
         Call Canine Famil |       |     6 |     3 ||     9
         Summon Lightning  |       |       |     1 ||     1
    Use: Potion            |       |     1 |       ||     1
   Stab: Sleeping          |     1 |     5 |       ||     6
         Distracted        |       |       |     1 ||     1
 Armour: Robe              |    18 |    33 |    22 ||    73
  Dodge: Dodged            |    45 |    63 |    70 ||   178
  Block: Buckler           |       |       |     3 ||     3

Table legend: (Time is in decaauts)
 A = Elapsed time spent in this place.
 B = Non-inter-level travel time spent in this place.
 C = Inter-level travel time spent in this place.
 D = Time resting spent in this place.
 E = Time spent auto-exploring this place.
 F = Levels seen in this place.
 G = Mean time per level.
                   A        B        C        D        E       F      G
               +--------+--------+--------+--------+--------+-----+--------+
         Total |   3456 |   3328 |    128 |    381 |   2151 |   7 |  493.7 |
       Dungeon |   3048 |   2920 |    128 |    261 |   1985 |   5 |  609.6 |
        Temple |     12 |     12 |      0 |      0 |      0 |   1 |   12.0 |
         Sewer |    395 |    395 |      0 |    120 |    166 |   1 |  395.0 |
               +--------+--------+--------+--------+--------+-----+--------+

Top non-repeatable levels by time:
     D:3: 924 daAuts
     D:2: 834 daAuts
     D:4: 684 daAuts
     D:1: 589 daAuts
   Sewer: 395 daAuts
     D:5: 15 daAuts
  Temple: 12 daAuts
